 Dungeon Crawl Stone Soup version 0.31-a0-1072-g202bf7ea07 (webtiles) character file.

Game seed: 4312490011112461424

58502 Colgate the Warrior (level 15, 0/121 HPs)
             Began as a Djinni Hedge Wizard on Nov 26, 2023.
             Was the Champion of Ru.
             Slain by a fire dragon (5 damage)
             ... on level 5 of the Lair of Beasts.
             The game lasted 02:30:22 (33888 turns).

Colgate the Warrior (Djinni Hedge Wizard)          Turns: 33888, Time: 02:30:22

Health: 0/121      AC: 15    Str:  9    XL:     15   Next: 30%
Gold:   1081       EV: 14    Int: 28    God:    Ru [******] SH:  0 Dex: 13

rFire   + + +        b - staff of fire
rCold   . . .        (shield unavailable)
rNeg    . . .        B - +3 ring mail of the Evening {Int+5}
rPois   ∞            y - +2 helmet
rElec   .            (no cloak)
rCorr   .            D - +2 pair of gloves
SInv    .            (boots unavailable)
Will    +....        F - amulet of regeneration Stlth
                     (ring unavailable)
HPRegen 1.20/turn    w - ring of protection from cold
MPRegen 0.00/turn

%: infuse magic (-1 HP)
@: flying, very slightly contaminated
A: sickness immunity, fire resistance 2, cold vulnerability 1, missing a hand,
no stealth, hated by all, cowardly, float, innate caster, HP casting, extra
vitality 1, no forms
a: Renounce Religion, Draw Out Power, Power Leap, Apocalypse


You were on level 5 of the Lair of Beasts.
You worshipped Ru.
Ru was exalted by your worship.
You visited 3 branches of the dungeon, and saw 19 of its levels.
You also visited: Ice Cave.

You collected 1559 gold pieces.
You spent 478 gold pieces at shops.

Inventory:

Missiles
 h - a throwing net {!f}
Armour
 y - a +2 helmet (worn)
 B - the +3 ring mail of the Evening (worn) {Int+5}
   (You found it on level 4 of the Dungeon)

   Int+5:     It affects your intelligence (+5).
 D - a +2 pair of gloves (worn)
Magical Staves
 a - a staff of air
 b - a staff of fire (weapon)
Jewellery
 e - a ring of positive energy
 p - a +6 ring of strength
 w - a ring of protection from cold (right hand)
 F - an amulet of regeneration (around neck)
 L - a ring of protection from cold
Wands
 g - a wand of iceblast (16) {@v2}
 x - a wand of flame (55)
 C - a wand of quicksilver (5) {@v1}
 E - a wand of paralysis (11)
 K - a wand of digging (7) {@v3}
 Q - a wand of mindburst (8)
Scrolls
 c - 6 scrolls of teleportation {@r3}
 f - a scroll of amnesia {unknown}
 i - 2 scrolls of fear {unknown}
 o - a scroll of fog
 q - a scroll of immolation
 r - 5 scrolls of noise
 t - a scroll of butterflies
 u - a scroll of poison
 v - a scroll of silence
 z - a scroll of torment {unknown}
 I - 3 scrolls of revelation {unknown}
 M - 4 scrolls of blinking {@r4}
 N - a scroll of brand weapon
 O - a scroll of enchant weapon {unknown}
Potions
 d - 8 potions of curing {@q1}
 j - 2 potions of ambrosia
 k - 6 potions of haste {@q4}
 l - 3 potions of degeneration
 m - 2 potions of magic
 n - 7 potions of enlightenment
 s - 4 potions of berserk rage
 A - 3 potions of brilliance
 G - 3 potions of might {@q3}
 H - 2 potions of lignification
 J - 3 potions of heal wounds {@q2}
 P - a potion of attraction {unknown}


   Skills:
 + Level 15.8 Fighting
 - Level 6.2 Armour
 - Level 10.7 Dodging
 - Level 13.0 Spellcasting
 - Level 13.0 Conjurations
 - Level 13.0 Hexes
 - Level 13.0 Necromancy
 - Level 13.0 Translocations
 - Level 13.0 Transmutations
 - Level 13.0 Fire Magic
 - Level 13.0 Ice Magic
 - Level 13.0 Air Magic
 - Level 13.0 Earth Magic
 - Level 13.0 Poison Magic
 - Level 3.0 Evocations


You knew the following spells:

 Your Spells              Type           Power      Damage    Failure   Level
a - Magic Dart            Conj           100%       1d8       1%          1
b - Slow                  Hex            100%       N/A       1%          1
c - Blink                 Tloc           100%       N/A       1%          2
d - Starburst             Conj/Fire      47%        6d13      5%          6
e - Mephitic Cloud        Conj/Pois/Air  74%        N/A       1%          3
f - Sting                 Tmut/Pois      100%       1d8       1%          1
g - Static Discharge      Conj/Air       100%       3-8/arc   1%          2
h - Tukima's Dance        Hex            74%        N/A       1%          3
i - Manifold Assault      Tloc           74%        N/A       1%          4
j - Yara's Violent Unrav  Hex/Tmut       37%        3d15      1%          5
k - Summon Forest         Summ/Tloc      26%        N/A       14%         5
l - Call Imp              Summ           36%        N/A       11%         2
Your spell library was empty.

Dungeon Overview and Level Annotations

Branches:
Dungeon (13/15)            Temple (1/1) D:7            Lair (5/5) D:11
 Shoals (0/4) Lair:3       Spider (0/4) Lair:2        Slime (0/5) Lair:5
    Orc (0/2) D:10          IceCv (visited)
 Vaults: D:13-14

Altars:
Ashenzari
Cheibriados
Dithmenos
Elyvilon
Gozag
Makhleb
Nemelex Xobeh
Okawaru
Qazlal
Ru
Trog
Uskayaw
Wu Jian
Xom
Zin
The Shining One

Shops:
D:1 [   D:5 :=?:

Annotations:
Lair:2 3 runed translucent doors, Silenceoftheyaks's ghost, journeyman DsEn
Lair:4 1 runed translucent door, leebro123's ghost, journeyman OpFi


Innate Abilities, Weirdness & Mutations

You are immune to sickness and miasma.
You are immune to poison.
Your flesh is very heat resistant. (rF++)
You are vulnerable to cold. (rC-)
You are missing a hand.
You cannot be stealthy.
You are hated by all.
Your cowardice makes you less effective in combat with threatening foes.
You float through the air rather than walking.
You learn spells naturally, not from books.
Your magical power is your life essence.
You have superior vitality. (+4 MHP)
You cannot voluntarily change form.


Message History

Casting: Starburst (dangerous; 5% risk of failure)
Press: ? - help, Q - select action, (/) - cycle Dir - look around, f - activate You feel a surge of power!
You miscast Starburst.
You feel a strange surge of energy!
* * * LOW HITPOINT WARNING * * *
x2 The fire dragon breathes flames at you.
The blast of flame hits you. You resist.
* * * LOW HITPOINT WARNING * * *
Casting: Starburst (dangerous; 5% risk of failure)
Press: ? - help, Q - select action, (/) - cycle Dir - look around, f - activate You feel a surge of power!
The bolt of fire hits the fire dragon.
The fire dragon resists.
* * * LOW HITPOINT WARNING * * *
The fire dragon is stunned by your conviction and fails to attack.
Casting: Starburst (dangerous; 5% risk of failure)
Press: ? - help, Q - select action, (/) - cycle Dir - look around, f - activate You feel a surge of power!
The bolt of fire hits the fire dragon!
The fire dragon resists.
* * * LOW HITPOINT WARNING * * *
The fire dragon closely misses you.
The fire dragon claws you but does no damage.
The fire dragon closely misses you.
The forest fire spreads!
Casting: Starburst (dangerous; 5% risk of failure)
Press: ? - help, Q - select action, (/) - cycle Dir - look around, f - activate You feel a surge of power!
The bolt of fire hits the fire dragon.
The fire dragon resists.
* * * LOW HITPOINT WARNING * * *
The fire dragon misses you.
The fire dragon claws you but does no damage.
The fire dragon tramples you!
* * * LOW HITPOINT WARNING * * *
You are shoved backwards!
Casting: Starburst (dangerous; 5% risk of failure)
Press: ? - help, Q - select action, (/) - cycle Dir - look around, f - activate You feel a surge of power!
The bolt of fire hits the fire dragon.
The fire dragon resists.
You smell burning wood.
* * * LOW HITPOINT WARNING * * *
The fire dragon bites you.
You die...

#...###.........
#.#....#......... ###
#######.............. #..#
#..........#.........
....♣♣♣....~..............
.....♣~.§§................
...~§≈§§§~............... .
♣♣.§§§§§§................
..♣~~§§§..@.....#.....###..
...~°§§§.D..#..##########..
.~≈°§°......#...## ##.##.
.♣≈°°°......##...#####.##..
♣.≈≈...○○○..##.#..##.#.....
♣♣.~≈..○§§○§§#.............
♣♣☼§≈.○°.○§§#.............
♣☼§~.♣~?.§§#.............
[.♣...♣~~~.♣#.............


You could see a fire dragon (catching breath).

Vanquished Creatures
  4 hydras
  A centaur warrior (D:11)
  A catoblepas (Lair:3)
  7 two-headed ogres
  3 death yaks (Lair:5)
  Nergalle (D:10)
  2 skysharks (Lair:3)
  Lodul (D:10)
  An orb spider (Lair:2)
  A deep elf pyromancer (D:12)
  2 wolf spiders (Lair:5)
  3 cyclopes
  An ugly thing (D:12)
  A manticore (D:11)
  6 black mambas
  4 elephants
  A torpor snail (Lair:5)
  A guardian serpent (Lair:5)
  A merfolk siren (Lair:3)
  An unseen horror (D:9)
  16 cane toads
  2 ice statues (IceCv)
  2 kobold demonologists (D:11)
  7 rime drakes
  An efreet (D:12)
  8 komodo dragons
  3 trolls
  Grinder (D:5)
  A polar bear (Lair:2)
  2 hornets (Lair:5)
  14 blink frogs
  17 dream sheep
  10 slime creatures
  Sigmund (D:6)
  3 shadows
  A vampire (D:9)
  3 wraiths
  6 wyverns
  39 yaks
  4 vampire mosquitoes (D:12)
  6 basilisks
  A dancing weapon (D:9)
  7 steam dragons
  2 acid dragons
  26 water moccasins
  7 orc warriors
  A swamp drake (Lair:5)
  4 black bears
  2 sky beasts
  5 wolves (Lair:3)
  3 centaurs
  8 ogres
  Blork the orc (D:4)
  3 kobold brigands
  11 bullfrogs
  A gnoll sergeant (D:11)
  4 scorpions
  7 killer bees
  An elephant simulacrum (Lair:1)
  4 lindwurm simulacra (IceCv)
  3 electric eels
  2 howler monkeys
  7 hounds
  6 jellies
  8 komodo dragon simulacra (IceCv)
  12 orc priests
  3 sleepcaps
  Ijyb (D:5)
  9 orc wizards
  7 iguanas
  9 hell rats
  5 acid dragon simulacra (IceCv)
  11 gnolls
  8 adders
  A shadow imp (D:7)
  2 white imps
  4 ufetubi (D:6)
  A steam dragon simulacrum (IceCv)
  A worm (D:3)
  5 dart slugs
  50 orcs
  12 endoplasms
  5 giant cockroaches
  8 hobgoblins
  6 jackals
  22 kobolds
  2 quokkas
  9 ball pythons
  6 bats
  6 frilled lizards
  4 goblins
  2 rats
525 creatures vanquished.

Vanquished Creatures (collateral kills)
  3 orc warriors
  A centaur (D:11)
  2 orcs (D:9)
6 creatures vanquished.

Vanquished Creatures (others)
  A death yak (Lair:4)
  An elephant (Lair:5)
  A rime drake (IceCv)
  A komodo dragon (Lair:1)
  A dancing weapon (D:8)
  A yak (D:10)
  A redback (Lair:5)
  A bullfrog (Lair:1)
  An orc (D:11)
9 creatures vanquished.

Grand Total: 540 creatures vanquished

Notes
Turn   | Place    | Note
-------+----------+-------------------------------------------
     0 | D:1      | Colgate the Djinni Hedge Wizard began the quest for the
                  | Orb.
     0 | D:1      | Colgate set off with the following spells memorised: Magic
                  | Dart, Slow, Blink, Call Imp, Mephitic Cloud.
     0 | D:1      | Reached XP level 1. HP: 15/15 MP: 0/0
     9 | D:1      | Found a faded altar of an unknown god.
    16 | D:1      | Prayed at the altar of an unknown god.
    16 | D:1      | Became a worshipper of the Shining One
    16 | D:1      | Reached * piety under the Shining One
   145 | D:1      | Reached XP level 2. HP: 21/21 MP: 0/0
   419 | D:1      | Reached XP level 3. HP: 22/25 MP: 0/0
   419 | D:1      | Learned a level 1 spell: Sting
   521 | D:1      | Found Moqi's Antique Armour Emporium.
  1268 | D:2      | Reached XP level 4. HP: 30/31 MP: 0/0
  2477 | D:3      | Reached ** piety under the Shining One
  2564 | D:3      | Reached XP level 5. HP: 23/35 MP: 0/0
  2564 | D:3      | Learned a level 2 spell: Static Discharge
  3185 | D:4      | Reached XP level 6. HP: 26/40 MP: 0/0
  3319 | D:4      | Reached skill level 5 in Spellcasting
  3319 | D:4      | Reached skill level 5 in Conjurations
  3319 | D:4      | Reached skill level 5 in Hexes
  3319 | D:4      | Reached skill level 5 in Summonings
  3319 | D:4      | Reached skill level 5 in Necromancy
  3319 | D:4      | Reached skill level 5 in Translocations
  3319 | D:4      | Reached skill level 5 in Transmutations
  3319 | D:4      | Reached skill level 5 in Fire Magic
  3319 | D:4      | Reached skill level 5 in Ice Magic
  3319 | D:4      | Reached skill level 5 in Air Magic
  3319 | D:4      | Reached skill level 5 in Earth Magic
  3319 | D:4      | Reached skill level 5 in Poison Magic
  3450 | D:4      | Reached skill level 1 in Fighting
  3644 | D:4      | You are sucked into a shaft and drop 1 floor!
  3644 | D:5      | Entered Level 5 of the Dungeon
  3769 | D:4      | Noticed Blork the orc
  3782 | D:4      | Killed Blork the orc
  3783 | D:4      | Reached XP level 7. HP: 35/48 MP: 0/0
  3783 | D:4      | Learned a level 3 spell: Tukima's Dance
  4193 | D:4      | Noticed a two-headed ogre
  4604 | D:4      | Killed a two-headed ogre
  4605 | D:4      | Reached XP level 8. HP: 19/53 MP: 0/0
  4761 | D:4      | Identified the +3 ring mail of the Evening {Int+5}
  4873 | D:5      | Reached skill level 2 in Fighting
  4932 | D:5      | Found Imaxus's Book Boutique.
  4940 | D:5      | Noticed Ijyb
  4950 | D:5      | Killed Ijyb
  4975 | D:5      | Reached skill level 3 in Fighting
  5092 | D:5      | Found Jarepoti's Book Shoppe.
  5163 | D:5      | Reached skill level 4 in Fighting
  5227 | D:5      | Reached XP level 9. HP: 52/63 MP: 0/0
  5227 | D:5      | Learned a level 4 spell: Manifold Assault
  5298 | D:5      | Reached *** piety under the Shining One
  5311 | D:5      | Reached skill level 5 in Fighting
  5437 | D:5      | Found a shadowy altar of Dithmenos.
  5438 | D:5      | Found Jire Odu's Jewellery Emporium.
  5450 | D:5      | Found Kog Oma's Magic Scroll Emporium.
  5459 | D:5      | Noticed Grinder
  5474 | D:5      | Killed Grinder
  5561 | D:5      | Reached skill level 1 in Evocations
  6134 | D:6      | Reached skill level 6 in Fighting
  6591 | D:6      | Noticed Sigmund
  6601 | D:6      | Killed Sigmund
  6602 | D:6      | Reached skill level 7 in Fighting
  6743 | D:7      | Found a glowing silver altar of Zin.
  7056 | D:7      | Reached **** piety under the Shining One
  7063 | D:7      | Reached skill level 8 in Fighting
  7063 | D:7      | Reached XP level 10. HP: 53/76 MP: 0/0
  7250 | D:7      | Found a staircase to the Ecumenical Temple.
  7256 | Temple   | Entered the Ecumenical Temple
  7261 | Temple   | Fell from the grace of the Shining One
  7261 | Temple   | Became a worshipper of Ru the Awakened
  7368 | D:5      | Bought an amulet of regeneration for 330 gold pieces
  7716 | D:7      | Reached skill level 9 in Fighting
  8380 | D:8      | Reached skill level 5 in Dodging
  8789 | D:8      | Found a burning altar of Makhleb.
  8792 | D:8      | Found an iron altar of Okawaru.
  8793 | D:8      | Found a shimmering altar of Xom.
  9325 | D:9      | Noticed a two-headed ogre
  9465 | D:8      | Gained mutation: Your cowardice makes you less effective in
                  | combat with threatening foes. [Ru sacrifice]
  9465 | D:8      | Reached * piety under Ru
  9609 | D:8      | Reached skill level 10 in Fighting
  9708 | D:9      | Noticed a two-headed ogre
  9728 | D:9      | Killed a two-headed ogre
 10418 | D:9      | Reached XP level 11. HP: 80/86 MP: 0/0
 10418 | D:9      | Learned a level 5 spell: Yara's Violent Unravelling
 10466 | D:9      | Killed a two-headed ogre
 10634 | D:9      | Noticed a two-headed ogre
 10671 | D:9      | Killed a two-headed ogre
 11439 | D:10     | Entered Level 10 of the Dungeon
 12482 | D:10     | Noticed a two-headed ogre
 12516 | D:10     | Killed a two-headed ogre
 12517 | D:10     | Reached skill level 10 in Spellcasting
 12517 | D:10     | Reached skill level 10 in Conjurations
 12517 | D:10     | Reached skill level 10 in Hexes
 12517 | D:10     | Reached skill level 10 in Summonings
 12517 | D:10     | Reached skill level 10 in Necromancy
 12517 | D:10     | Reached skill level 10 in Translocations
 12517 | D:10     | Reached skill level 10 in Transmutations
 12517 | D:10     | Reached skill level 10 in Fire Magic
 12517 | D:10     | Reached skill level 10 in Ice Magic
 12517 | D:10     | Reached skill level 10 in Air Magic
 12517 | D:10     | Reached skill level 10 in Earth Magic
 12517 | D:10     | Reached skill level 10 in Poison Magic
 12836 | D:10     | Reached skill level 11 in Fighting
 12983 | D:10     | Found a staircase to the Orcish Mines.
 13258 | D:10     | Gained mutation: You are missing a hand. [Ru sacrifice]
 13258 | D:10     | Reached ** piety under Ru
 13258 | D:10     | Reached *** piety under Ru
 13258 | D:10     | Reached **** piety under Ru
 13366 | D:10     | Noticed Nergalle
 13391 | D:10     | Noticed a spectral orc warlord
 13391 | D:10     | Killed Nergalle
 13809 | D:10     | Reached XP level 12. HP: 87/94 MP: 0/0
 14855 | D:5      | Bought a scroll of enchant armour for 82 gold pieces
 14858 | D:5      | Bought a scroll of identify for 22 gold pieces
 14858 | D:5      | Bought a scroll of identify for 22 gold pieces
 14858 | D:5      | Bought a scroll of identify for 22 gold pieces
 15575 | D:11     | Reached skill level 12 in Fighting
 15741 | D:11     | Noticed a two-headed ogre
 15758 | D:11     | Killed a two-headed ogre
 15899 | D:11     | Gained mutation: You are hated by all. [Ru sacrifice]
 15899 | D:11     | Reached ***** piety under Ru
 16230 | D:11     | Noticed a centaur warrior
 16242 | D:11     | Killed a centaur warrior
 16613 | D:11     | Found a staircase to the Lair.
 16778 | D:11     | Noticed a two-headed ogre
 16805 | D:11     | Killed a two-headed ogre
 16806 | D:11     | Reached skill level 13 in Fighting
 16847 | D:11     | Noticed Lodul
 16919 | D:10     | Killed Lodul
 17967 | D:12     | Reached skill level 10 in Dodging
 18085 | D:12     | Reached XP level 13. HP: 61/103 MP: 0/0
 18085 | D:12     | Learned a level 5 spell: Summon Forest
 18365 | D:12     | Gained mutation: You cannot be stealthy. [Ru sacrifice]
 20434 | Lair:1   | Entered Level 1 of the Lair of Beasts
 20646 | Lair:1   | Found a frozen archway.
 20846 | IceCv    | Entered an ice cave
 22125 | IceCv    | Noticed a white draconian
 22260 | Lair:1   | Reached skill level 14 in Fighting
 24668 | Lair:2   | Found a hole to the Spider Nest.
 24840 | Lair:2   | Reached skill level 15 in Fighting
 25077 | Lair:1   | HP: 4/107 [/static electricity (1)]
 25232 | Lair:2   | Noticed Silenceoftheyaks's ghost (journeyman DsEn)
 25237 | Lair:2   | Found a runed translucent gate.
 25237 | Lair:2   | Found a runed translucent gate.
 25237 | Lair:2   | Found a runed translucent gate.
 25800 | Lair:2   | Reached XP level 14. HP: 97/114 MP: 0/0
 26005 | Lair:3   | Reached skill level 1 in Armour
 27085 | Lair:3   | Found a staircase to the Shoals.
 27616 | Lair:4   | Reached skill level 5 in Armour
 27859 | Lair:4   | Found a runed translucent door.
 27859 | Lair:4   | Noticed leebro123's ghost (journeyman OpFi)
 27868 | Lair:4   | Identified the +4 spear "Ozimeut" {pain, rPois}
 28121 | Lair:5   | Entered Level 5 of the Lair of Beasts
 31663 | Lair:5   | Reached XP level 15. HP: 89/121 MP: 0/0
 31663 | Lair:5   | Learned a level 6 spell: Starburst
 33413 | Lair:5   | Found a staircase to the Slime Pits.
 33488 | Lair:5   | Gained mutation: You cannot voluntarily change form. [Ru
                  | sacrifice]
 33488 | Lair:5   | Reached ****** piety under Ru
 33888 | Lair:5   | Slain by a fire dragon

Illustrated notes

Levels and vault maps discovered:
D:1:      ncdulo_watergridlock, layout_basic, serial_shops,
          nicolae_shop_statue_plus, basic_ecumenical_altar
D:2:      layout_basic
D:3:      minmay_razor_zed, layout_rooms, guppyfry_early_lair_pool
D:4:      minmay_chambers_of_fours, layout_basic, uniq_blork_the_orc
D:5:      layout_gridville, nicolae_dithmenos_through_a_glass_darkly,
          serial_shops, shop, shop, shop, nicolae_diamond_shop,
          nicolae_concentric_dashed_squares_wild, hangedman_decor_lopped,
          uniq_grinder, uniq_ijyb
D:6:      layout_rooms, uniq_sigmund
D:7:      layout_basic, mainiacjoe_overflow_concentric_impassable,
          temple_statues
D:8:      layout_loops_cross, minitemple, minmay_circle_x
D:9:      layout_basic
D:10:     layout_small_grid, hiddenorc2_lemuel, nicolae_fountain_basement,
          uniq_nergalle
D:11:     layout_long_grid, due_lair_maze_entry_diamond, uniq_lodul
D:12:     layout_basic
D:13:     layout_rooms, grunt_decor_mini_mirrors, fake_guardian_serpent_vault
Temple:   compressed_dpeg_triangle_lava_temple
Lair:1:   layout_layer_cave, portal_ice_cave_entry_ice_simulacra,
          grunt_megastairs_2
Lair:2:   layout_regular_city, nicolae_spider_entry_orb_guardian,
          gammafunk_ghost_split, minivault_26, grunt_megastairs_4,
          serial_bayou_shore_a
Lair:3:   layout_gridlike, elwin_shoals_entry_rooms
Lair:4:   layout_misc_corridors, ebering_ghost_funeral_grove
Lair:5:   hangedman_lair_tendril_chambers, layout_cellular_growth,
          guppyfry_lair_end_dragon, nicolae_slime_entry_field_trip,
          eino_house_with_fridge

Skill      XL: |  1  2  3  4  5  6  7  8  9 10 11 12 13 14 15 |
---------------+----------------------------------------------+-----
Spellcasting   | 3 4 5 7 8 10 11 12 13 | 13.0
Conjurations   | 3 4 5 7 8 10 11 12 13 | 13.0
Hexes          | 3 4 5 7 8 10 11 12 13 | 13.0
Summonings     | 3 4 5 7 8 10 0 |  0.0
Necromancy     | 3 4 5 7 8 10 11 12 13 | 13.0
Translocations | 3 4 5 7 8 10 11 12 13 | 13.0
Transmutations | 3 4 5 7 8 10 11 12 13 | 13.0
Fire Magic     | 3 4 5 7 8 10 11 12 13 | 13.0
Ice Magic      | 3 4 5 7 8 10 11 12 13 | 13.0
Air Magic      | 3 4 5 7 8 10 11 12 13 | 13.0
Earth Magic    | 3 4 5 7 8 10 11 12 13 | 13.0
Poison Magic   | 3 4 5 7 8 10 11 12 13 | 13.0
Fighting       | 1 4 8 10 11 13 15 | 15.8
Dodging        | 4 6 7 10 | 10.7
Evocations     | 1 2 3 |  3.0
Stealth        | 2 0 |  0.0
Armour         | 6 |  6.2

Action                     |  1- 3 |  4- 6 |  7- 9 | 10-12 | 13-15 || total
---------------------------+-------+-------+-------+-------+-------++-------
  Melee: Dagger            |     6 |       |       |       |       ||     6
         Whip              |       |     4 |       |       |       ||     4
         Morningstar       |       |       |     7 |     2 |       ||     9
         Staff             |       |       |       |    19 |     7 ||    26
   Cast: Magic Dart        |    49 |    56 |   128 |   144 |   148 ||   525
         Sting             |    24 |    65 |    72 |   145 |    26 ||   332
         Static Discharge  |       |    11 |    30 |   171 |   436 ||   648
         Slow              |       |     2 |     5 |    87 |   279 ||   373
         Mephitic Cloud    |       |       |     9 |    25 |    13 ||    47
         Tukima's Dance    |       |       |     4 |    21 |       ||    25
         Call Imp          |       |       |       |    11 |       ||    11
         Manifold Assault  |       |       |       |     1 |       ||     1
         Yara's Violent Un |       |       |       |    58 |   147 ||   205
         Starburst         |       |       |       |       |    61 ||    61
 Invoke: Sacrifice Courage |       |       |       |     1 |       ||     1
         Sacrifice a Hand  |       |       |       |     1 |       ||     1
         Sacrifice Love    |       |       |       |     1 |       ||     1
         Power Leap        |       |       |       |       |     8 ||     8
         Apocalypse        |       |       |       |       |     1 ||     1
         Sacrifice Stealth |       |       |       |       |     1 ||     1
         Sacrifice Forms   |       |       |       |       |     1 ||     1
    Use: Scroll            |       |     5 |     7 |     9 |     5 ||    26
 Armour: Robe              |    12 |    43 |    12 |       |       ||    67
         Ring mail         |       |       |    71 |   515 |   808 ||  1394
  Dodge: Dodged            |    15 |    18 |    40 |   182 |   274 ||   529

Table legend: (Time is in decaauts)
 A = Elapsed time spent in this place.
 B = Non-inter-level travel time spent in this place.
 C = Inter-level travel time spent in this place.
 D = Time resting spent in this place.
 E = Time spent auto-exploring this place.
 F = Levels seen in this place.
 G = Mean time per level.
                   A        B        C        D        E       F      G
               +--------+--------+--------+--------+--------+-----+--------+
         Total |  33986 |  31779 |   2207 |   6772 |  19409 |  20 | 1699.3 |
       Dungeon |  20699 |  19134 |   1565 |   1161 |  14777 |  13 | 1592.2 |
        Temple |     10 |      5 |      5 |      0 |      0 |   1 |   10.0 |
          Lair |  11943 |  11307 |    636 |   4879 |   4326 |   5 | 2388.6 |
      Ice Cave |   1333 |   1333 |      0 |    732 |    306 |   1 | 1333.0 |
               +--------+--------+--------+--------+--------+-----+--------+

Top non-repeatable levels by time:
  Lair:5: 4475 daAuts
    D:10: 3865 daAuts
     D:9: 2626 daAuts
    D:12: 2443 daAuts
  Lair:2: 2248 daAuts
  Lair:1: 2002 daAuts
    D:11: 1893 daAuts
     D:4: 1874 daAuts
  Lair:4: 1711 daAuts
  Lair:3: 1505 daAuts
     D:8: 1436 daAuts
     D:7: 1377 daAuts
   IceCv: 1333 daAuts
     D:6: 1117 daAuts
     D:3: 1080 daAuts
